 Dungeon Crawl Stone Soup version 0.32-a0-928-g1cae6b7ea0 (webtiles) character file.

Game seed: 3880599384803868985

137 dirtblock2017 the Sneak (level 5, -7/31 HPs)
             Began as a Kobold Brigand on Apr 12, 2024.
             Killed from afar by a steam dragon (16 damage)
             ... with a ball of steam
             ... on level 3 of the Dungeon.
             The game lasted 00:06:25 (2359 turns).

dirtblock2017 the Sneak (Kobold Brigand)            Turns: 2359, Time: 00:06:26

Health: -7/31      AC:  7    Str:  9    XL:     5   Next: 44%
Magic:  5/5        EV: 13    Int: 12    God:
Gold:   39         SH:  0    Dex: 18    Spells: 4/4 levels left

rFire   . . .        a - +2 dagger
rCold   . . .        (no shield)
rNeg    . . .        k - +0 leather armour
rPois   .            (no helmet)
rElec   .            c - +0 cloak
rCorr   .            (no gloves)
SInv    +            (no boots)
Will    .....        (no amulet)
Stlth   +++++        (no ring)
HPRegen 0.25/turn    (no ring)
MPRegen 0.09/turn

%: no passive effects
@: no status effects
A: small, no large weapons, nightstalker 3, iridescent scales 1, see invisible,
screaming 1, shaggy fur 1, evolution 1
a: no special abilities


You were on level 3 of the Dungeon.
You visited 1 branch of the dungeon, and saw 3 of its levels.

You collected 39 gold pieces.

Inventory:

Hand Weapons
 a - a +2 dagger (weapon)
Missiles
 d - 6 poisoned darts (quivered)
 e - 2 curare-tipped darts
 i - 6 boomerangs
Armour
 b - a +0 robe
 c - a +0 cloak (worn)
 k - a +0 leather armour (worn)
Magical Staves
 j - a staff of alchemy
Jewellery
 l - a ring of protection from cold
Talismans
 r - a storm talisman
Scrolls
 f - 5 scrolls of noise
 o - a scroll of vulnerability {unknown}
 p - a scroll of poison {unknown}
 u - a scroll of silence {unknown}
 v - a scroll of amnesia {unknown}
 w - a scroll of identify {unknown}
Potions
 g - a potion of brilliance {unknown}
 h - 2 potions of mutation
 m - a potion of curing {unknown}
 n - a potion of might {unknown}
 q - a potion of heal wounds {unknown}
 t - a potion of magic {unknown}


   Skills:
 + Level 2.5 Fighting
 + Level 3.8 Short Blades
 + Level 2.2 Throwing
 + Level 1.0 Armour
 + Level 2.0 Dodging
 + Level 7.4 Stealth


You had 4 spell levels left.
You didn't know any spells.
Your spell library contained the following spells:

 Spells                   Type           Power      Damage    Failure   Level
 Blink                    Tloc           0%         N/A       56%         2
 Lesser Beckoning         Tloc           0%         N/A       56%         2
 Momentum Strike          Conj/Tloc      0%         3d8       56%         2
 Animate Dead             Necr           0%         N/A       99%         4
 Haunt                    Necr/Summ      0%         N/A       100%        7
 Infestation              Necr           0%         N/A       100%        8


Dungeon Overview and Level Annotations

Branches:
Dungeon (3/15)

Altars:


Innate Abilities, Weirdness & Mutations

You are small and have problems with some larger weapons.
You are completely attuned to the shadows.
You are partially covered in iridescent scales. (AC +2)
You have supernaturally acute eyesight. (SInv)
You occasionally shout uncontrollably at your foes.
You are covered in fur. (AC +1)
You have hidden genetic potential.


Message History

The steam dragon breathes steam at you. The ball of steam misses you.
The steam dragon looks more healthy.
Throw: 8 darts (poison)
Press: ? - help, Shift-Dir - straight line, f/p - steam dragon
Aim: a steam dragon (severely wounded, 60% to hit)
You throw a poisoned dart.
The poisoned dart closely misses the steam dragon.
Throw: 7 darts (poison)
Press: ? - help, Shift-Dir - straight line, f/p - steam dragon
Aim: a steam dragon (severely wounded, 60% to hit)
You throw a poisoned dart.
The poisoned dart hits the steam dragon.
The steam dragon is poisoned.
The steam dragon is severely wounded.
The steam dragon breathes steam at you. The ball of steam hits you!
You are engulfed in a cloud of scalding steam.
You are engulfed in a cloud of scalding steam.
You are engulfed in a cloud of scalding steam.
* * * LOW HITPOINT WARNING * * *
The steam dragon looks more healthy.
The steam dragon attacks as it pursues you!
The steam dragon misses you.
The steam dragon claws you but does no damage.
Throw: 2 darts (curare)
Press: ? - help, Shift-Dir - straight line, f - you, p - steam dragon
Okay, then.
Throw: throwing net
Press: ? - help, Shift-Dir - straight line, f/p - steam dragon
Aim: a steam dragon (almost dead, 60% to hit)
You throw a throwing net.
The throwing net barely misses the steam dragon.
The steam dragon bites you.
* * * LOW HITPOINT WARNING * * *
The steam dragon misses you. The steam dragon breathes steam at you.
The ball of steam hits you!
Ouch! That really hurt!
You die...

..# ##.. #.. #.#
##@# ##.§# ..
#.D## ..## #(##
...# #########.#
.D.# #..(.§§§..#
..§###.#####...#
..# ##.§§#.##
###.# #.#
#.#.(..## #.###
.. #.######


You could see a steam dragon (catching breath).

Vanquished Creatures
  4 gnolls (D:3)
  4 adders
  3 dart slugs (D:1)
  An orc (D:3)
  2 ball pythons
  5 bats
  6 endoplasms
  8 goblins
  2 hobgoblins (D:3)
  8 kobolds
  3 quokkas
  6 frilled lizards
  3 rats
55 creatures vanquished.

Notes
Turn   | Place    | Note
-------+----------+-------------------------------------------
     0 | D:1      | dirtblock2017 the Kobold Brigand began the quest for the
                  | Orb.
     0 | D:1      | Reached XP level 1. HP: 12/12 MP: 1/1
   114 | D:1      | Reached XP level 2. HP: 17/17 MP: 2/2
   126 | D:1      | Reached skill level 6 in Stealth
   332 | D:1      | Reached XP level 3. HP: 21/21 MP: 3/3
  1066 | D:2      | Reached XP level 4. HP: 17/27 MP: 4/4
  1235 | D:2      | Reached skill level 7 in Stealth
  1568 | D:2      | Gained mutation: You have hidden genetic potential. [potion
                  | of mutation]
  1568 | D:2      | Gained mutation: You are covered in fur. (AC +1) [potion of
                  | mutation]
  1568 | D:2      | Gained mutation: You occasionally shout uncontrollably at
                  | your foes. [potion of mutation]
  1568 | D:2      | Gained mutation: You are partially covered in iridescent
                  | scales. (AC +2) [potion of mutation]
  2036 | D:3      | Reached XP level 5. HP: 31/31 MP: 5/5
  2164 | D:3      | Reached skill level 1 in Armour
  2164 | D:3      | Gained mutation: You have supernaturally acute eyesight.
                  | (SInv) [hidden potential]
  2333 | D:3      | Noticed a steam dragon
  2359 | D:3      | Killed from afar by a steam dragon

Illustrated notes

Levels and vault maps discovered:
D:1:      dpeg_arrival_signposts, layout_loops_ring
D:2:      layout_loops_ring
D:3:      layout_rooms, jmf_multi_god_temple

Skill      XL: |  1  2  3  4  5 |
---------------+----------------+-----
Stealth        | 6 7 |  7.4
Short Blades   | 3 |  3.8
Dodging        | 2 |  2.0
Armour         | 1 |  1.0
Fighting       | |  2.5
Throwing       | |  2.2

Action                     |  1- 3 |  4- 6 || total
---------------------------+-------+-------++-------
  Melee: Dagger            |    63 |    75 ||   138
  Throw: Dart              |       |     4 ||     4
         Throwing net      |       |     1 ||     1
         Boomerang         |       |     1 ||     1
    Use: Scroll            |       |     1 ||     1
         Potion            |       |     1 ||     1
   Stab: Sleeping          |    17 |     7 ||    24
 Armour: Robe              |     7 |       ||     7
         Leather armour    |    17 |    58 ||    75
  Dodge: Dodged            |    53 |    64 ||   117

Table legend: (Time is in decaauts)
 A = Elapsed time spent in this place.
 B = Non-inter-level travel time spent in this place.
 C = Inter-level travel time spent in this place.
 D = Time resting spent in this place.
 E = Time spent auto-exploring this place.
 F = Levels seen in this place.
 G = Mean time per level.
                   A        B        C        D        E       F      G
               +--------+--------+--------+--------+--------+-----+--------+
         Total |   2337 |   2110 |    227 |    400 |   1339 |   3 |  779.0 |
       Dungeon |   2337 |   2110 |    227 |    400 |   1339 |   3 |  779.0 |
               +--------+--------+--------+--------+--------+-----+--------+

Top non-repeatable levels by time:
     D:2: 946 daAuts
     D:1: 916 daAuts
     D:3: 475 daAuts
